 Dungeon Crawl Stone Soup version 0.26.0-18-gc5c842f807 (webtiles) character file.

Game seed: 15433054160368763132

102 Thelegobrick4 the Magician (level 4, -2/24 HPs)
             Began as a Deep Elf Hedge Wizard on Jan 24, 2021.
             Slain by Sigmund
             ... wielding a +0 scythe
              (5 damage)
             ... on level 2 of the Dungeon.
             The game lasted 00:18:45 (3102 turns).

Thelegobrick4 the Magician (Deep Elf Hedge Wizard)  Turns: 3102, Time: 00:18:45

Health: -2/24      AC:  3    Str:  7    XL:     4   Next: 49%
Magic:  7/13       EV: 13    Int: 22    God:
Gold:   79         SH:  5    Dex: 16    Spells: 2/13 levels left

rFire    . . .     SeeInvis .   a - +0 dagger
rCold    . . .     Faith    .   (no shield)
rNeg     . . .     Spirit   .   b - +0 robe
rPois    .         Reflect  +   c - +0 hat
rElec    .         Harm     .   (no cloak)
rCorr    .         Rampage  .   (no gloves)
Will     .....                  (no boots)
Stlth    ++........             d - amulet of reflection
HPRegen  0.08/turn              (no ring)
MPRegen  0.13/turn              (no ring)

@: no status effects
A: rugged brown scales 1, agile 1, clever 1, wild magic 1, evolution 1
a: no special abilities


You were on level 2 of the Dungeon.
You visited 1 branch of the dungeon, and saw 2 of its levels.

You collected 79 gold pieces.

Inventory:

Hand Weapons
 a - a +0 dagger (weapon)
 e - a +1 short sword
Missiles
 f - 57 stones (quivered)
 g - 21 bolts
 m - 2 atropa-tipped darts
Armour
 b - a +0 robe (worn)
 c - a +0 hat (worn)
 l - a +0 robe
Jewellery
 d - an amulet of reflection (around neck)
 k - an uncursed amulet of the acrobat
Scrolls
 i - a scroll of identify
Potions
 h - 2 potions of attraction


   Skills:
 + Level 0.6 Fighting
 + Level 0.1 Short Blades
 * Level 1.3 Armour
 + Level 2.7 Dodging
 + Level 3.3 Stealth
 * Level 5.1 Spellcasting
 + Level 1.5 Conjurations
 * Level 1.9 Summonings
 * Level 1.5 Translocations
 * Level 0.1 Fire Magic
 * Level 0.1 Poison Magic


You had 2 spell levels left.
You knew the following spells:

 Your Spells              Type           Power        Failure   Level
a - Magic Dart            Conj           60%          9%          1
b - Call Imp              Summ           18%          11%         2
c - Blink                 Tloc           N/A          13%         2
d - Conjure Flame         Conj/Fire      11%          30%         3
e - Mephitic Cloud        Conj/Pois/Air  10%          32%         3

Your spell library contained the following spells:

 Spells                   Type           Power        Failure   Level
 Slow                     Hex            7%           22%         2


Dungeon Overview and Level Annotations

Branches:
Dungeon (2/15)

Altars:

Annotations:
D:2 Sigmund


Innate Abilities, Weirdness & Mutations

You are partially covered in rugged brown scales. (AC +1, +3% HP)
You are agile. (Dex +2)
Your mind is acute. (Int +2)
Your spells are a little harder to cast, but a little more powerful.
You evolve.


Message History

You start resting.
Something hits you.
* * * LOW HITPOINT WARNING * * *
You start resting.
A magic dart appears from out of thin air!
The magic dart hits your crimson imp.
Casting: Call Imp (safe; 11% risk of failure)
Confirm with . or Enter, or press ? or * to list all spells.
Okay, then.
Casting: Call Imp (safe; 11% risk of failure)
Confirm with . or Enter, or press ? or * to list all spells.
You can't see any susceptible monsters within range! (Use Z to cast anyway.)
Okay, then.
Casting: Call Imp (safe; 11% risk of failure)
Confirm with . or Enter, or press ? or * to list all spells.
Okay, then.
Casting: Call Imp (safe; 11% risk of failure)
Confirm with . or Enter, or press ? or * to list all spells.
The spell is extremely dangerous to cast (30% risk of failure)!
Continue anyway?
The fire begins to smolder!
Something hits you.
You die...

#....# *##≈*+#≈* #...##
###_,,,_* ##.## #.#******
#.# #.# #.# ###.# #.#
#...# #{# ##.### #5#
##..# #@###.#.##########
###########>###..........
#......^#..## ##.#######.
#.#####.###.###.## #. #.#
#)# ##.#.## #. #.#
#.#####..# #. #g# #.#.#
##.# #. #.# #.#.# #.#
###### #.#####...# #.#
#.....


You could see a friendly crimson imp (summoned).

Vanquished Creatures
  4 adders (D:2)
  2 dart slugs (D:1)
  2 worms (D:2)
  A leopard gecko (D:1)
  3 giant cockroaches (D:2)
  9 goblins
  5 hobgoblins
  3 jackals (D:2)
  4 quokkas (D:2)
  A ball python (D:1)
  8 bats
  2 frilled lizards
  7 kobolds
  5 rats
56 creatures vanquished.

Notes
Turn   | Place    | Note
-------+----------+-------------------------------------------
     0 | D:1      | Thelegobrick4 the Deep Elf Hedge Wizard began the quest for
                  | the Orb.
     0 | D:1      | Reached XP level 1. HP: 10/10 MP: 7/7
   165 | D:1      | Gained mutation: You evolve. [potion of mutation]
   165 | D:1      | Gained mutation: Your spells are a little harder to cast,
                  | but a little more powerful. [potion of mutation]
   165 | D:1      | Gained mutation: Your mind is acute. (Int +2) [potion of
                  | mutation]
   425 | D:1      | Reached XP level 2. HP: 15/15 MP: 7/9
   571 | D:1      | Reached skill level 5 in Spellcasting
  1189 | D:1      | Reached XP level 3. HP: 19/19 MP: 9/11
  1717 | D:2      | Gained mutation: You are agile. (Dex +2) [evolution]
  2422 | D:2      | Learned a level 2 spell: Call Imp
  2425 | D:2      | Learned a level 2 spell: Blink
  2429 | D:2      | Learned a level 3 spell: Conjure Flame
  2433 | D:2      | Learned a level 3 spell: Mephitic Cloud
  2552 | D:2      | Reached skill level 1 in Armour
  2552 | D:2      | Reached XP level 4. HP: 17/24 MP: 0/13
  2873 | D:2      | Gained mutation: You are partially covered in rugged brown
                  | scales. (AC +1, +3% HP) [evolution]
  3067 | D:2      | Noticed Sigmund
  3092 | D:2      | HP: 1/24 [something/puff of flame (10)]
  3102 | D:2      | Slain by Sigmund

Illustrated notes

Levels and vault maps discovered:
D:1:      giann_forest_graveyard, layout_basic
D:2:      layout_loops_ring, gammafunk_temple_overflow_elements,
          hangedman_feature_mirror, grunt_ministairs_3, corner_web_ring,
          uniq_sigmund

Skill      XL: |  1  2  3 |
---------------+----------+-----
Spellcasting   | 5 |  5.1
Stealth        | 3 |  3.3
Armour         | 1 |  1.3
Fighting       | |  0.6
Short Blades   | |  0.1
Dodging        | |  2.7
Conjurations   | |  1.5
Summonings     | |  1.9
Translocations | |  1.5
Fire Magic     | |  0.1
Poison Magic   | |  0.1

Action                   |  1- 3 |  4- 6 || total
-------------------------+-------+-------++-------
Melee: Short sword       |    24 |     2 ||    26
 Cast: Magic Dart        |   106 |    22 ||   128
       Conjure Flame     |     2 |     2 ||     4
       Call Imp          |     1 |     2 ||     3
       Mephitic Cloud    |     1 |       ||     1
  Use: Potion            |     5 |     1 ||     6
       Scroll            |     4 |     3 ||     7
Armor: Robe              |     4 |     1 ||     5
Dodge: Dodged            |    35 |     4 ||    39
Block: Other             |    17 |     1 ||    18
       Reflection        |     1 |       ||     1
